 Dungeon Crawl Stone Soup version 0.30.1-10-g1249ef9ec4 (webtiles) character file.

Game seed: 13934812629488014252

2935 growler the Zephyrmancer (level 9, -6/49 HPs)
             Began as a Tengu Air Elementalist on Oct 26, 2023.
             Was a Believer of Hepliaklqana.
             Mangled by a death yak (18 damage)
             ... on level 7 of the Dungeon on Oct 27, 2023.
             The game lasted 00:23:45 (8079 turns).

growler the Zephyrmancer (Tengu Air Elementalist)   Turns: 8079, Time: 00:23:46

Health: -6/49      AC:  8    Str:  8    XL:     9   Next: 80%
Magic:  2/20       EV: 15    Int: 19    God:    Hepliaklqana [**....]
Gold:   453        SH:  0    Dex: 22    Spells: 11/21 levels left

rFire   . . .        m - +1 dagger (flame)
rCold   . . .        (no shield)
rNeg    . . .        a - +1 robe
rPois   .            (helmet restricted)
rElec   .            u - +0 cloak
rCorr   .            (no gloves)
SInv    .            (boots unavailable)
Will    .....        (no amulet)
Stlth   ++           n - +4 ring of protection
HPRegen 0.28/turn    s - +6 ring of dexterity
MPRegen 0.17/turn

%: no passive effects
@: flying quickly and evasively, quick
A: reduced essence, beak, talons 3, nimble flight
a: Renounce Religion, Recall Ancestor, Ancestor Identity


You were on level 7 of the Dungeon.
You worshipped Hepliaklqana.
Hepliaklqana was pleased with you.
You visited 2 branches of the dungeon, and saw 9 of its levels.

You collected 453 gold pieces.

Inventory:

Hand Weapons
 m - a +1 dagger of flaming (weapon)
Armour
 a - a +1 robe (worn)
 u - a +0 cloak (worn)
Jewellery
 n - a +4 ring of protection (left hand)
 s - a +6 ring of dexterity (right hand)
Wands
 f - a wand of digging (5)
 v - a wand of flame (18)
Scrolls
 g - a scroll of enchant armour
 h - 10 scrolls of identify
 j - a scroll of blinking
 l - a scroll of teleportation
 r - 3 scrolls of fog {unknown}
 w - a scroll of poison {unknown}
 y - a scroll of butterflies {unknown}
Potions
 b - a potion of magic
 c - 4 potions of ambrosia {unknown}
 d - 2 potions of haste {unknown}
 e - 4 potions of curing
 i - a potion of flight
 k - a potion of brilliance
 o - 3 potions of degeneration {unknown}
 p - a potion of invisibility {unknown}
 q - a potion of resistance
 t - a potion of lignification {unknown}
 x - 2 potions of attraction {unknown}
 z - a potion of heal wounds {unknown}


   Skills:
 + Level 5.7 Fighting
 + Level 2.9 Short Blades
 - Level 2.1 Dodging
 - Level 2.0 Stealth
 - Level 6.7 Spellcasting
 - Level 6.0 Conjurations
 + Level 11.0 Air Magic


You had 11 spell levels left.
You knew the following spells:

 Your Spells              Type           Power      Damage    Failure   Level
a - Shock                 Conj/Air       100%       1d9       1%          1
b - Static Discharge      Conj/Air       76%        2-6/arc   1%          2
c - Swiftness             Air            48%        N/A       1%          3
d - Airstrike             Air            24%        2d(4-20)  1%          4

Your spell library contained the following spells:

 Spells                   Type           Power      Damage    Failure   Level
 Magic Dart               Conj           100%       1d8       1%          1
 Mephitic Cloud           Conj/Pois/Air  27%        N/A       3%          3
 Call Imp                 Summ           12%        N/A       16%         2
 Ensorcelled Hibernation  Hex/Ice        12%        N/A       16%         2
 Passwall                 Tmut/Erth      5%         N/A       16%         2


Dungeon Overview and Level Annotations

Branches:
Dungeon (8/15)             Temple (1/1) D:4
   Lair: D:8-11

Altars:
Ashenzari
Cheibriados
Dithmenos
Elyvilon
Fedhas
Gozag
Hepliaklqana
Kikubaaqudgha
Nemelex Xobeh
Okawaru
Qazlal
Ru
Sif Muna
Trog
Uskayaw
Vehumet
Wu Jian
Xom
Yredelemnul
Zin
The Shining One

Shops:
D:1 [   D:2 ?   D:6 (

Annotations:
D:4 1 runed translucent door, Zhuub's ghost, amateur DrCj


Innate Abilities, Weirdness & Mutations

Your life essence is reduced to manifest your ancestor. (-10% HP)
You have a beak for a mouth.
You have claws for feet.
Your magical nature lets you fly swiftly and evasively.


Message History

The death yak is heavily wounded.
The death yak misses you.
Unknown command.
The death yak barely misses Reggie B..
Reggie B. hits the death yak but does no damage.
Reggie B. drains the death yak.
The death yak gores Reggie B.!
Reggie B. hits the death yak with a +0 dagger of draining. x2
The death yak gores Reggie B..
Reggie B. hits the death yak with a +0 dagger of draining!
Reggie B. completely misses the death yak.
The death yak gores Reggie B.!
Reggie B. hits the death yak but does no damage.
Reggie B. hits the death yak but does no damage.
Reggie B. drains the death yak.
The death yak gores Reggie B.!!
Reggie B. is destroyed!
Casting: Static Discharge (safe; 1% risk of failure)
Confirm with . or Enter, or press ? or * to list all spells.
The death yak is struck by an arc of lightning.
The death yak is severely wounded.
You are struck by an arc of lightning.
The death yak is struck by an arc of lightning.
The death yak is severely wounded.
The lightning grounds out.
The death yak closely misses you.
Casting: Static Discharge (safe; 1% risk of failure)
Confirm with . or Enter, or press ? or * to list all spells.
The death yak is struck by an arc of lightning.
The death yak is severely wounded.
You are struck by an arc of lightning.
The lightning grounds out.
The death yak gores you!
Unknown command.
Casting: Static Discharge (safe; 1% risk of failure)
Confirm with . or Enter, or press ? or * to list all spells.
The death yak is struck by an arc of lightning.
The death yak is almost dead.
You are struck by an arc of lightning.
* * * LOW HITPOINT WARNING * * *
The death yak is struck by an arc of lightning.
The death yak is almost dead.
The lightning grounds out.
The death yak gores you!!
You die...

#.........# #....###
########### #.....)>
########### #.......
#.........# #.....#.
#.........# #.#.#.#.
####.........# #.#.....
#..<.........# #.######
#............# #.#.....
#.....@......# #.#.####
#.....Y......# #.#.#...
#............# #R#.#.##
#....#.###.### #.#R#...
##...#.>.#.# #.#.####
####..<###.#.#####.#.....
#..........#....R..######
#.##...##..#########.....
#.##...##.^#########.....


You could see a death yak (drained).

Vanquished Creatures
  A death yak (D:8)
  A troll (D:5)
  Menkaure (D:6)
  Duvessa (D:6)
  3 ogres
  A black bear (D:6)
  3 centaurs
  A phantom (D:7)
  A bullfrog (D:7)
  A kobold brigand (D:8)
  Blork the orc (D:4)
  A scorpion (D:7)
  Dowan (D:6)
  4 killer bees (D:8)
  A jelly (D:6)
  An orc priest (D:5)
  A hound (D:5)
  2 sleepcaps
  2 iguanas
  Natasha (thrice) (D:3)
  2 orc wizards (D:4)
  A hell rat (D:8)
  6 adders
  2 river rats (D:8)
  2 worms
  4 dart slugs
  9 orcs
  4 ball pythons
  5 bats
  3 endoplasms
  2 giant cockroaches (D:3)
  7 goblins
  9 hobgoblins
  8 jackals
  8 kobolds
  2 quokkas
  5 frilled lizards
  8 rats
118 creatures vanquished.

Vanquished Creatures (collateral kills)
  A wyvern (D:8)
  A phantom (D:7)
  A bullfrog (D:8)
3 creatures vanquished.

Vanquished Creatures (others)
  2 hexers
  An ancestor (D:6)
  An orc (D:4)
4 creatures vanquished.

Grand Total: 125 creatures vanquished

Notes
Turn   | Place    | Note
-------+----------+-------------------------------------------
     0 | D:1      | growler the Tengu Air Elementalist began the quest for the
                  | Orb.
     0 | D:1      | Reached XP level 1. HP: 10/10 MP: 4/4
   100 | D:1      | Reached XP level 2. HP: 15/15 MP: 3/6
   103 | D:1      | Learned a level 2 spell: Static Discharge
   291 | D:1      | Found Aviumasm's Antique Armour Shop.
   468 | D:1      | Found a faded altar of an unknown god.
   483 | D:1      | Reached XP level 3. HP: 19/19 MP: 5/7
  1298 | D:2      | Learned a level 3 spell: Swiftness
  1459 | D:2      | You fall into a shaft and drop 1 floor!
  1555 | D:2      | Found Bosel's Magic Scroll Shop.
  1563 | D:2      | Reached XP level 4. HP: 24/24 MP: 2/9
  1699 | D:2      | Reached skill level 5 in Air Magic
  2615 | D:3      | Gained mutation: Your magical nature lets you fly swiftly
                  | and evasively. [Tengu growth]
  2615 | D:3      | Reached XP level 5. HP: 28/28 MP: 5/10
  2814 | D:3      | Noticed Natasha
  2820 | D:3      | Killed Natasha
  2826 | D:3      | Learned a level 4 spell: Airstrike
  2977 | D:3      | Noticed Natasha
  2981 | D:3      | Killed Natasha
  3037 | D:3      | Noticed Natasha
  3052 | D:3      | Killed Natasha
  3332 | D:4      | Found a sacrificial altar of Ru.
  3392 | D:4      | Reached XP level 6. HP: 24/32 MP: 4/12
  3396 | D:4      | Reached skill level 6 in Air Magic
  3567 | D:4      | Noticed Blork the orc
  3697 | D:4      | Killed Blork the orc
  3804 | D:4      | Identified the +7 ring mail of the Enfolding Gods {rF+ rC+
                  | rCorr}
  3829 | D:4      | Reached skill level 5 in Conjurations
  3982 | D:4      | Found a staircase to the Ecumenical Temple.
  4004 | D:4      | Found a runed translucent door.
  4013 | Temple   | Entered the Ecumenical Temple
  4019 | Temple   | Became a worshipper of Hepliaklqana the Forgotten
  4035 | D:4      | Noticed Zhuub's ghost (amateur DrCj)
  4377 | D:5      | Entered Level 5 of the Dungeon
  4380 | D:5      | Reached XP level 7. HP: 34/36 MP: 9/14
  4383 | D:5      | Reached skill level 7 in Air Magic
  4486 | D:5      | Noticed a troll
  4532 | D:5      | Killed a troll
  4633 | D:5      | Reached skill level 1 in Fighting
  4633 | D:5      | Reached skill level 8 in Air Magic
  4633 | D:5      | Reached XP level 8. HP: 43/43 MP: 7/16
  4858 | D:5      | Reached skill level 5 in Spellcasting
  4986 | D:5      | Found a bloodstained altar of Trog.
  5147 | D:6      | Found Quwestro's Antique Weapon Boutique.
  5268 | D:6      | Reached * piety under Hepliaklqana
  5764 | D:6      | Noticed Duvessa
  5764 | D:6      | Noticed Dowan
  5770 | D:6      | Killed Duvessa
  5771 | D:6      | Reached skill level 9 in Air Magic
  5779 | D:6      | Killed Dowan
  5907 | D:6      | Noticed Menkaure
  5925 | D:6      | Killed Menkaure
  6349 | D:7      | Reached XP level 9. HP: 46/46 MP: 14/19
  6544 | D:7      | Reached ** piety under Hepliaklqana
  6545 | D:7      | Remembered your ancestor Reggie B. as a hexer
  7218 | D:8      | Found an opulent altar of Gozag.
  7277 | D:8      | Reached skill level 10 in Air Magic
  7773 | D:8      | Reached skill level 5 in Fighting
  7912 | D:8      | Noticed a death yak
  7927 | D:8      | Noticed a death yak
  7930 | D:8      | Noticed a death yak
  8063 | D:8      | Killed a death yak
  8064 | D:8      | Reached skill level 11 in Air Magic
  8079 | D:7      | Mangled by a death yak

Illustrated notes

Levels and vault maps discovered:
D:1:      lightli_arrival_flooded_house, layout_basic, serial_shops, shop,
          shapermc_ecumenical_altar_mp_urbaneastern
D:2:      layout_rooms, serial_shops, shop
D:3:      layout_loops_ring, gup_sewer_entry_glass, minmay_hedge_maze,
          uniq_natasha
D:4:      layout_gridville, nicolae_ru_great_annihilating_truth,
          minmay_temple_entry_large_hall, hellmonk_ghost_happy_afterlife,
          st_stairs_1, lemuel_flame_loot_1, uniq_blork_the_orc
D:5:      layout_rooms, lemuel_doored_altar
D:6:      layout_cave_pods, serial_shops,
          nicolae_shop_temple_entry_statues_fountains, uniq_duvessa,
          uniq_menkaure
D:7:      layout_basic, dk_noncrumbling_3
D:8:      layout_loops_corners, nicolae_overflow_crystal_walls,
          makhleb_altar_promises_db, dpeg_lair_monsters, chequers_mini_garden,
          chequers_serial_rivers_small_a
Temple:   nicolae_temple_no_exploring_needed

Skill      XL: |  1  2  3  4  5  6  7  8  9 |
---------------+----------------------------+-----
Conjurations   | 2 3 4 5 6 |  6.0
Air Magic      | 5 6 8 9 11 | 11.0
Spellcasting   | 3 4 6 |  6.7
Fighting       | 1 3 5 |  5.7
Short Blades   | 2 |  2.9
Dodging        | |  2.1
Stealth        | |  2.0

Action                     |  1- 3 |  4- 6 |  7- 9 || total
---------------------------+-------+-------+-------++-------
  Melee: Unarmed           |    14 |     4 |       ||    18
         Peck              |     2 |     7 |     6 ||    15
         Kick              |     1 |     7 |     8 ||    16
         Dagger            |       |    24 |    28 ||    52
   Cast: Shock             |    84 |    73 |    73 ||   230
         Static Discharge  |     1 |    13 |    23 ||    37
         Airstrike         |       |     4 |    28 ||    32
 Invoke: Ancestor Identity |       |       |     2 ||     2
         Recall Ancestor   |       |       |     1 ||     1
         Ancestor Life: He |       |       |     1 ||     1
    Use: Scroll            |       |     5 |     1 ||     6
         Potion            |       |       |     3 ||     3
   Stab: Sleeping          |       |     2 |       ||     2
 Armour: Robe              |     2 |    16 |    18 ||    36
  Dodge: Dodged            |    12 |    21 |    41 ||    74
